DBL
CINCINNATI REDS @ CHICAGO CUBS
04/08/1997
 
TOP OF THE 1ST
Cincinnati Reds batting - Pitching for Chicago Cubs : RHP Scott Garrelts
Pitching: RHP Scott Garrelts
Batting: LHB Fernando Vina 0-0: SINGLE (Line Drive, 9LS, EV 96.9 MPH)
Batting: RHB Scott Rolen 0-0: Ball
1-0: Fly out, F8 (Flyball, 8LM, EV 90.0 MPH)
Batting: SHB Bernie Williams 0-0: SINGLE (Groundball, 6MD, EV 104.4 MPH)
Fernando Vina to second
Batting: LHB Bobby Higginson 0-0: Fly out, F8 (Line Drive, 8LD, EV 88.8 MPH)
Batting: RHB Javy Lopez 0-0: Fly out, F4 (Popup, 4, EV 68.1 MPH)
Top of the 1st over - 0 runs, 2 hits, 0 errors, 2 left on base; Cincinnati 0 - Chicago 0
BOTTOM OF THE 1ST
Chicago Cubs batting - Pitching for Cincinnati Reds : RHP Jose Rijo
Pitching: RHP Jose Rijo
Batting: LHB Rich Becker 0-0: Called Strike
0-1: Called Strike
0-2: Strikes out swinging
Batting: LHB Luis Gonzalez 0-0: Foul Ball, location: 2F
0-1: Ball
1-1: Swinging Strike
1-2: Strikes out looking
Batting: LHB Kent Hrbek 0-0: Called Strike
0-1: Ball
1-1: Called Strike
1-2: Reached on error, E4 (Groundball, 4, EV 103.1 MPH)
Batting: RHB Mike Piazza 0-0: Called Strike
0-1: 2-RUN HOME RUN (Flyball, 89XD, EV 99.4 MPH), Distance : 428 ft
Batting: LHB Trot Nixon 0-0: Called Strike
0-1: Called Strike
0-2: Foul Ball, location: 2F
0-2: Strikes out looking
Bottom of the 1st over - 2 runs, 1 hit, 1 error, 0 left on base; Cincinnati 0 - Chicago 2
TOP OF THE 2ND
Cincinnati Reds batting - Pitching for Chicago Cubs : RHP Scott Garrelts
Batting: LHB Fred McGriff 0-0: Ball
1-0: Ball
2-0: Ball
3-0: Base on Balls
Batting: SHB Scott Spiezio 0-0: Bunt - Flyout to 5S - DP at third! 5-3
Batting: SHB Omar Vizquel 0-0: Ball
1-0: SINGLE (Line Drive, 6D, EV 97.5 MPH)
Batting: SHB Dwayne Hosey 0-0: Foul Ball, location: 2F
0-1: Swinging Strike
0-2: Foul Ball, location: 2F
0-2: Strikes out swinging
Top of the 2nd over - 0 runs, 1 hit, 0 errors, 1 left on base; Cincinnati 0 - Chicago 2
BOTTOM OF THE 2ND
Chicago Cubs batting - Pitching for Cincinnati Reds : RHP Jose Rijo
Batting: RHB Chris Hoiles 0-0: Foul Ball, location: 2F
0-1: Called Strike
0-2: Foul Ball, location: 2F
0-2: Ball
1-2: Ball
2-2: Ball
3-2: Ground out 3-1 (Groundball, 34, EV 111.3 MPH)
Batting: RHB Vinny Castilla 0-0: Called Strike
0-1: Foul Ball, location: 2F
0-2: Strikes out swinging
Batting: LHB Scott Cooper 0-0: Called Strike
0-1: Ball
1-1: Ball
2-1: Foul Ball, location: 2F
2-2: Ball
3-2: Fly out, F9 (Flyball, 9LS, EV 90.6 MPH)
Bottom of the 2nd over - 0 runs, 0 hits, 0 errors, 0 left on base; Cincinnati 0 - Chicago 2
TOP OF THE 3RD
Cincinnati Reds batting - Pitching for Chicago Cubs : RHP Scott Garrelts
Batting: LHB Fernando Vina 0-0: Swinging Strike
0-1: Ball
1-1: Called Strike
1-2: Ball
2-2: Foul Ball, location: 2F
2-2: Ground out 2-3 (Groundball, 2L, EV 70.0 MPH)
Batting: RHB Scott Rolen 0-0: Ball
1-0: Ground out 5-3 (Groundball, 56S, EV 80.0 MPH)
Batting: SHB Bernie Williams 0-0: Called Strike
0-1: Foul Ball, location: 2F
0-2: Ball
1-2: Foul Ball, location: 2F
1-2: Ball
2-2: Ball
3-2: DOUBLE (Line Drive, 9LM, EV 88.8 MPH)
Batting: LHB Bobby Higginson 0-0: Fly out, F7 (Flyball, 7S, EV 91.3 MPH)
Top of the 3rd over - 0 runs, 1 hit, 0 errors, 1 left on base; Cincinnati 0 - Chicago 2
BOTTOM OF THE 3RD
Chicago Cubs batting - Pitching for Cincinnati Reds : RHP Jose Rijo
Batting: RHB Jeff Cirillo 0-0: Ball
1-0: Swinging Strike
1-1: Foul Ball, location: 2F
1-2: Ball
2-2: Strikes out swinging
Batting: LHB Rich Becker 0-0: Ball
1-0: Ball
2-0: Called Strike
2-1: SOLO HOME RUN (Flyball, 9LD, EV 95.0 MPH), Distance : 367 ft
Batting: LHB Luis Gonzalez 0-0: Swinging Strike
0-1: Foul Ball, location: 2F
0-2: Foul Ball, location: 2F
0-2: Ball
1-2: Fly out, F8 (Line Drive, 8RM, EV 91.9 MPH)
Batting: LHB Kent Hrbek 0-0: Ball
1-0: Called Strike
1-1: Fly out, F8 (Line Drive, 8LD, EV 96.9 MPH)
Bottom of the 3rd over - 1 run, 1 hit, 0 errors, 0 left on base; Cincinnati 0 - Chicago 3
TOP OF THE 4TH
Cincinnati Reds batting - Pitching for Chicago Cubs : RHP Scott Garrelts
Batting: RHB Javy Lopez 0-0: Called Strike
0-1: Ball
1-1: Foul Ball, location: 2F
1-2: Ball
2-2: Foul Ball, location: 2F
2-2: Fly out, F8 (Flyball, 8RD, EV 87.5 MPH)
Batting: LHB Fred McGriff 0-0: Ball
1-0: Called Strike
1-1: Ball
2-1: Called Strike
2-2: DOUBLE (Line Drive, 78D, EV 111.3 MPH)
Batting: SHB Scott Spiezio 0-0: Called Strike
0-1: Ball
1-1: Fly out, F7 (Flyball, 7LMF, EV 95.6 MPH)
Batting: SHB Omar Vizquel 0-0: Called Strike
0-1: Fly out, F7 (Line Drive, 7D, EV 101.9 MPH)
Top of the 4th over - 0 runs, 1 hit, 0 errors, 1 left on base; Cincinnati 0 - Chicago 3
BOTTOM OF THE 4TH
Chicago Cubs batting - Pitching for Cincinnati Reds : RHP Jose Rijo
Batting: RHB Mike Piazza 0-0: Ball
1-0: Ball
2-0: Ball
3-0: Called Strike
3-1: Base on Balls
Batting: LHB Trot Nixon 0-0: Ball
1-0: Called Strike
1-1: Called Strike
1-2: Foul Ball, location: 2F
1-2: Ball
2-2: Ball
3-2: Fly out, F7 (Line Drive, 7, EV 90.0 MPH)
Batting: RHB Chris Hoiles 0-0: Fly out, F8 (Flyball, 8RS, EV 87.5 MPH)
Batting: RHB Vinny Castilla 0-0: Ball
1-0: Called Strike
1-1: 2-RUN HOME RUN (Flyball, 7LD, EV 90.0 MPH), Distance : 408 ft
Batting: LHB Scott Cooper 0-0: Ball
1-0: Ball
2-0: Fly out, F5 (Line Drive, 5, EV 64.4 MPH)
Bottom of the 4th over - 2 runs, 1 hit, 0 errors, 0 left on base; Cincinnati 0 - Chicago 5
TOP OF THE 5TH
Cincinnati Reds batting - Pitching for Chicago Cubs : RHP Scott Garrelts
Batting: SHB Dwayne Hosey 0-0: Fly out, F8 (Line Drive, 8LD, EV 85.6 MPH)
Batting: LHB Fernando Vina 0-0: Foul Ball, location: 2F
0-1: Ball
1-1: Ball
2-1: DOUBLE (Line Drive, 89M, EV 92.5 MPH)
Batting: RHB Scott Rolen 0-0: Called Strike
0-1: Ball
1-1: Foul Ball, location: 2F
1-2: Fly out, F8 (Line Drive, 8LM, EV 101.3 MPH)
Batting: SHB Bernie Williams 0-0: Ground out 4-3 (Groundball, 34, EV 103.1 MPH)
Top of the 5th over - 0 runs, 1 hit, 0 errors, 1 left on base; Cincinnati 0 - Chicago 5
BOTTOM OF THE 5TH
Chicago Cubs batting - Pitching for Cincinnati Reds : RHP Jose Rijo
Batting: RHB Jeff Cirillo 0-0: Called Strike
0-1: Swinging Strike
0-2: Ball
1-2: Ball
2-2: Foul Ball, location: 2F
2-2: Foul Ball, location: 2F
2-2: Ball
3-2: Fly out, F3 (Line Drive, 3, EV 73.8 MPH)
Batting: LHB Rich Becker 0-0: SINGLE (Line Drive, 89M, EV 109.4 MPH)
Batting: LHB Luis Gonzalez 0-0: Called Strike
0-1: Ball
1-1: Foul Ball, location: 2F
Pickoff Throw to First - Out! 1-3
1-2: Fly out, F8 (Flyball, 8LXD, EV 90.0 MPH)
Bottom of the 5th over - 0 runs, 1 hit, 0 errors, 0 left on base; Cincinnati 0 - Chicago 5
TOP OF THE 6TH
Cincinnati Reds batting - Pitching for Chicago Cubs : RHP Scott Garrelts
Batting: LHB Bobby Higginson 0-0: Ball
1-0: Called Strike
1-1: Ball
2-1: Foul Ball, location: 2F
2-2: Ball
3-2: Strikes out swinging
Batting: RHB Javy Lopez 0-0: Ball
1-0: Called Strike
1-1: Hit by Pitch
Batting: LHB Fred McGriff 0-0: Ball
1-0: Called Strike
1-1: Grounds into double play, 5-4-3 (Groundball, 56S, EV 91.9 MPH)
Top of the 6th over - 0 runs, 0 hits, 0 errors, 0 left on base; Cincinnati 0 - Chicago 5
BOTTOM OF THE 6TH
Chicago Cubs batting - Pitching for Cincinnati Reds : RHP Jose Rijo
Batting: LHB Kent Hrbek 0-0: Called Strike
0-1: Ball
1-1: Ball
2-1: Foul Ball, location: 2F
2-2: DOUBLE (Line Drive, 8LXD, EV 107.5 MPH)
Batting: RHB Mike Piazza 0-0: Ball
1-0: Ball
2-0: Called Strike
2-1: Ball
3-1: SINGLE (Groundball, 34D, EV 97.5 MPH)
Kent Hrbek to third
Batting: LHB Trot Nixon 0-0: Called Strike
0-1: Ball
1-1: Fly out, F6 (Flyball, 6D, EV 78.8 MPH)
Batting: RHB Chris Hoiles 0-0: Called Strike
0-1: Swinging Strike
0-2: Ball
1-2: Strikes out swinging
Batting: RHB Vinny Castilla 0-0: Fly out, F8 (Flyball, 8RS, EV 95.6 MPH)
Bottom of the 6th over - 0 runs, 2 hits, 0 errors, 2 left on base; Cincinnati 0 - Chicago 5
TOP OF THE 7TH
Cincinnati Reds batting - Pitching for Chicago Cubs : RHP Scott Garrelts
Batting: SHB Scott Spiezio 0-0: Called Strike
0-1: Ball
1-1: Ball
2-1: Foul Ball, location: 2F
2-2: Foul Ball, location: 2F
2-2: Foul Ball, location: 2F
2-2: Foul Ball, location: 2F
2-2: Fly out, F7 (Line Drive, 7, EV 98.1 MPH)
Batting: SHB Omar Vizquel 0-0: Foul Ball, location: 2F
0-1: Ground out 4-3 (Groundball, 4S, EV 83.1 MPH)
Batting: SHB Dwayne Hosey 0-0: Fly out, F8 (Flyball, 8RXD, EV 78.8 MPH)
Top of the 7th over - 0 runs, 0 hits, 0 errors, 0 left on base; Cincinnati 0 - Chicago 5
BOTTOM OF THE 7TH
Chicago Cubs batting - Pitching for Cincinnati Reds : RHP Jose Rijo
Batting: LHB Scott Cooper 0-0: Fly out, F8 (Flyball, 8RD, EV 88.8 MPH)
Batting: RHB Jeff Cirillo 0-0: Called Strike
0-1: Fly out, F1 (Line Drive, P, EV 71.3 MPH)
Batting: LHB Rich Becker 0-0: Called Strike
0-1: Called Strike
0-2: Foul Ball, location: 2F
0-2: Strikes out swinging
Bottom of the 7th over - 0 runs, 0 hits, 0 errors, 0 left on base; Cincinnati 0 - Chicago 5
TOP OF THE 8TH
Cincinnati Reds batting - Pitching for Chicago Cubs : RHP Scott Garrelts
Batting: LHB Fernando Vina 0-0: Ball
1-0: Ball
2-0: Called Strike
2-1: SINGLE (Line Drive, 89S, EV 111.9 MPH)
Batting: RHB Scott Rolen 0-0: Ball
1-0: Foul Ball, location: 2F
1-1: Foul Ball, location: 2F
1-2: Strikes out swinging
Batting: SHB Bernie Williams 0-0: Called Strike
0-1: Called Strike
0-2: Ball
1-2: Ball
2-2: Strikes out swinging
Batting: LHB Bobby Higginson 0-0: Called Strike
0-1: Foul Ball, location: 2F
0-2: Ball
1-2: SINGLE (Line Drive, 8RS, EV 98.8 MPH)
Fernando Vina to second
Runner from 2nd tries for 3rd, SAFE, throw by CF made to third
Batting: RHB Javy Lopez 0-0: SINGLE (Groundball, 34D, EV 95.0 MPH)
Fernando Vina scores
Bobby Higginson to second
Runner from 2nd tries for 3rd, SAFE, throw by RF made to third
Batting: LHB Fred McGriff 0-0: Ball
1-0: Foul Ball, location: 2F
1-1: Foul Ball, location: 2F
1-2: Strikes out looking
Top of the 8th over - 1 run, 3 hits, 0 errors, 2 left on base; Cincinnati 1 - Chicago 5
BOTTOM OF THE 8TH
Chicago Cubs batting - Pitching for Cincinnati Reds : RHP Jose Rijo
Batting: LHB Luis Gonzalez 0-0: Called Strike
0-1: Ball
1-1: Ball
2-1: Called Strike
2-2: Foul Ball, location: 2F
2-2: Ball
3-2: Foul Ball, location: 2F
3-2: Ground out 4-3 (Groundball, 4, EV 103.8 MPH)
Batting: LHB Kent Hrbek 0-0: Called Strike
0-1: Ball
1-1: Ball
2-1: Ball
3-1: Base on Balls
Pitching: LHP Brian Shouse
Batting: RHB Mike Piazza 0-0: Reached on error, E4 (Groundball, 4, EV 83.1 MPH)
Kent Hrbek to second
Batting: LHB Trot Nixon 0-0: Foul Ball, location: 2F
0-1: Ball
1-1: Ball
2-1: Fielders Choice at 2nd, 3-6 (Groundball, 3, EV 102.5 MPH)
Kent Hrbek to third
Batting: RHB Chris Hoiles 0-0: Ball
1-0: Swinging Strike
1-1: Foul Ball, location: 2F
1-2: Ball
2-2: Foul Ball, location: 2F
2-2: Strikes out looking
Bottom of the 8th over - 0 runs, 0 hits, 1 error, 2 left on base; Cincinnati 1 - Chicago 5
TOP OF THE 9TH
Cincinnati Reds batting - Pitching for Chicago Cubs : RHP Scott Garrelts
Batting: SHB Scott Spiezio 0-0: Called Strike
0-1: Called Strike
0-2: Foul Ball, location: 2F
0-2: Foul Ball, location: 2F
0-2: Ground out 4-3 (Groundball, 4, EV 81.9 MPH)
Pitching: RHP Alberto Reyes
Batting: SHB Omar Vizquel 0-0: Called Strike
0-1: Ball
1-1: Foul Ball, location: 2F
1-2: Ball
2-2: Foul Ball, location: 2F
2-2: Ball
3-2: Foul Ball, location: 2F
3-2: Foul Ball, location: 2F
3-2: Foul Ball, location: 2F
3-2: Foul Ball, location: 2F
3-2: Fly out, F8 (Line Drive, 8LM, EV 100.0 MPH)
Batting: SHB Dwayne Hosey 0-0: Ball
1-0: Called Strike
1-1: Swinging Strike
1-2: Strikes out swinging
Top of the 9th over - 0 runs, 0 hits, 0 errors, 0 left on base; Cincinnati 1 - Chicago 5
Friday, January 23rd, 2026 - OOTP Baseball 20.8 Build 74